 Dungeon Crawl Stone Soup version 0.24.1 (webtiles) character file.

Game seed: 15748249498877585732, levelgen mode: deterministic

359823 mortelune the Scorcher (level 21, -1/123 HPs)
             Began as a Deep Elf Fire Elementalist on Mar 28, 2020.
             Was the Champion of Kikubaaqudgha.
             Killed from afar by a deep elf annihilator (46 damage)
             ... with a bolt of lightning
             ... on level 3 of the Elven Halls.
             The game lasted 03:53:55 (79811 turns).

mortelune the Scorcher (DEFE)                      Turns: 79811, Time: 03:53:56

Health: -1/123     AC: 17    Str: 11    XL:     21   Next: 46%
Magic:  1/54       EV: 21    Int: 32    God:    Kikubaaqudgha [******]
Gold:   646        SH: 18    Dex: 15    Spells: 6/56 levels left

rFire    + + +     SeeInvis +   C - +6 rapier of Meptuw {pierce, *Slow rF+++ Int+3}
rCold    + . .     Gourm    .   V - +1 buckler {AC+3}
rNeg     . . .     Faith    .   P - +0 steam dragon scales
rPois    .         Spirit   .   Y - +0 helmet
rElec    .         Reflect  +   Z - +0 cloak {rC+}
rCorr    .         Harm     .   y - +0 pair of gloves
MR       +++++                  u - +2 pair of boots {run}
Stlth    ++........             T - +6 amulet of reflection
HPRegen  1.30/turn              q - ring "Jifeimof" {MR++ MP+9}
MPRegen  0.34/turn              F - ring of see invisible

@: lethally poisoned (-1 -> -1), regenerating (expiring), quick
A: hooves 2, large bone plates 1, magic resistance 1, strong 2
}: 2/15 runes: decaying, serpentine
a: Receive Corpses, Torment, Brand Weapon With Pain, Receive Necronomicon,
Renounce Religion


You were on level 3 of the Elven Halls.
You worshipped Kikubaaqudgha.
Kikubaaqudgha was exalted by your worship.
You were very hungry.

You visited 8 branches of the dungeon, and saw 39 of its levels.
You visited 1 bazaar.
You also visited: Gauntlet and Ice Cave.

You collected 4462 gold pieces.
You spent 3816 gold pieces at shops.

Inventory:

Hand Weapons
 C - the +6 rapier of Meptuw (weapon) {pierce, *Slow rF+++ Int+3}
   (You found it on level 6 of the Lair of Beasts)

   It inflicts extra damage upon your enemies.
   It affects your intelligence (+3).
   It renders you almost immune to fire.
   It may slow you when you take damage.
 E - the +8 arc blade {discharge, rElec}
   (You bought it in a shop on level 3 of the Snake Pit)

   It insulates you from electricity.
 J - the +9 staff of Olgreb {rPois}
   (You found it on level 10 of the Dungeon)

   It protects you from poison.
Missiles
 k - 19 silver javelins (quivered)
Armour
 b - the +2 pair of boots of Undesirable Species {MR++ MP+9 Str-3 Int+4}
   (You found it in a Gauntlet)

   It affects your strength (-3).
   It affects your intelligence (+4).
   It affects your resistance to hostile enchantments.
   It affects your magic capacity (+9).
 u - a +2 pair of boots of running (worn)
 y - a +0 pair of gloves (worn)
 P - +0 steam dragon scales (worn)
 V - a +1 buckler of protection (worn)
 Y - a +0 helmet (worn)
 Z - a +0 cloak of cold resistance (worn)
Magical Staves
 D - an uncursed staff of death
Jewellery
 q - the ring "Jifeimof" (left hand) {MR++ MP+9}
   (You found it on level 5 of the Lair of Beasts)

   [ring of magical power]

   It affects your resistance to hostile enchantments.
   It affects your magic capacity (+9).
 F - a ring of see invisible (right hand)
 R - an uncursed ring of positive energy
 T - a +6 amulet of reflection (around neck)
Wands
 t - a wand of acid (9)
 v - a wand of clouds (3)
 I - a wand of digging (9)
 N - a wand of iceblast (54)
 W - a wand of disintegration (19)
Scrolls
 a - 2 scrolls of immolation
 h - 5 scrolls of magic mapping
 j - 14 scrolls of amnesia
 n - a scroll of enchant weapon
 o - 6 scrolls of enchant armour
 p - 15 scrolls of remove curse
 s - 9 scrolls of fear
 w - 2 scrolls of acquirement
 x - 6 scrolls of blinking
 A - a scroll of holy word
 G - 7 scrolls of identify
 O - 6 scrolls of fog
 Q - 9 scrolls of teleportation
 S - 3 scrolls of brand weapon
Potions
 d - 8 potions of lignification
 e - 8 potions of haste
 f - 6 potions of might
 g - 4 potions of heal wounds
 i - 6 potions of brilliance
 l - 9 potions of flight
 m - 4 potions of ambrosia
 r - 18 potions of curing
 z - 2 potions of resistance
 B - 2 potions of mutation
 H - 5 potions of agility
 K - 5 potions of magic
 L - 4 potions of invisibility
 M - 4 potions of cancellation
Miscellaneous
 U - a phantom mirror
Comestibles
 c - 28 rations


   Skills:
 + Level 10.6 Fighting
 - Level 14.0 Short Blades
 - Level 8.0 Armour
 - Level 13.0 Dodging
 - Level 2.4 Stealth
 - Level 11.5 Shields
 - Level 18.0 Spellcasting
 + Level 16.5 Conjurations
 + Level 16.7 Necromancy
 + Level 18.7 Fire Magic


You had 6 spell levels left.
You knew the following spells:

 Your Spells              Type           Power        Failure   Level  Hunger
a - Borgnjor's Vile Clut  Necr/Erth      ######....   1%          5    None
b - Throw Flame           Conj/Fire      ######       0%          2    None
c - Conjure Flame         Conj/Fire      #######.     0%          3    None
d - Sticky Flame          Conj/Fire      #######.     0%          4    None
e - Fireball              Conj/Fire      #######...   1%          5    None
f - Blink                 Tloc           N/A          1%          2    None
o - Ignition              Fire           #######...   4%          8    #####..
q - Animate Dead          Necr           N/A          0%          4    None
r - Orb of Destruction    Conj           #######...   1%          7    ####...
s - Regeneration          Chrm/Necr      ######....   1%          3    None
x - Bolt of Draining      Conj/Necr      #######...   1%          5    None
z - Sublimation of Blood  Necr           #######...   0%          2    None

Your spell library contained the following spells:

 Spells                   Type           Power        Failure   Level  Hunger
 Animate Skeleton         Necr           N/A          0%          1    None
 Flame Tongue             Conj/Fire      #####        0%          1    None
 Magic Dart               Conj           ####         0%          1    None
 Pain                     Necr           ####         0%          1    None
 Corpse Rot               Necr           N/A          0%          2    None
 Vampiric Draining        Necr           #######...   0%          3    None
 Beastly Appendage        Tmut           ####..       1%          1    None
 Infusion                 Chrm           ####         1%          1    None
 Sting                    Conj/Pois      ####         1%          1    None
 Call Imp                 Summ           ####....     1%          2    None
 Passwall                 Tmut/Erth      ####....     1%          2    None
 Poisonous Vapours        Pois/Air       ####..       1%          2    None
 Shroud of Golubria       Chrm/Tloc      ####..       1%          2    None
 Slow                     Hex            ####....     1%          2    None
 Song of Slaying          Chrm           ####....     1%          2    None
 Sticks to Snakes         Tmut           ####....     1%          2    None
 Swiftness                Chrm/Air       ####....     1%          2    None
 Inner Flame              Hex/Fire       ######..     1%          3    None
 Mephitic Cloud           Conj/Pois/Air  ######..     1%          3    None
 Static Discharge         Conj/Air       ######..     1%          3    None
 Stone Arrow              Conj/Erth      ######       1%          3    None
 Force Lance              Conj/Tloc      ######..     1%          4    None
 Bolt of Magma            Conj/Fire/Erth #######...   1%          5    None
 Dispel Undead            Necr           #######.     1%          5    None
 Iskenderun's Battlesphe  Conj/Chrm      ######..     1%          5    None
 Lightning Bolt           Conj/Air       ######....   1%          5    None
 Venom Bolt               Conj/Pois      ######....   1%          5    None
 Gell's Gravitas          Tloc           ####......   4%          3    None
 Portal Projectile        Hex/Tloc       ####..       4%          3    None
 Spectral Weapon          Hex/Chrm       ####....     4%          3    None
 Spider Form              Tmut/Pois      ####......   4%          3    None
 Tukima's Dance           Hex            ####....     4%          3    None
 Iron Shot                Conj/Erth      ######....   7%          6    None
 Simulacrum               Ice/Necr       ######....   7%          6    None
 Ice Form                 Ice/Tmut       ####....     13%         4    None
 Leda's Liquefaction      Hex/Erth       ####......   13%         4    None
 Olgreb's Toxic Radiance  Pois           ####....     13%         4    None
 Passage of Golubria      Tloc           N/A          13%         4    None
 Blade Hands              Tmut           ####......   36%         5    None
 Lee's Rapid Deconstruct  Erth           ####......   36%         5    None
 Summon Forest            Summ/Tloc      ####......   36%         5    None
 Darkness                 Hex            ####......   90%         6    None
 Dispersal                Tloc           ####......   90%         6    None
 Hydra Form               Tmut           ####......   90%         6    None
 Invisibility             Hex            ####....     90%         6    None
 Spellforged Servitor     Conj/Summ      ######....   36%         7    ####...
 Summon Hydra             Summ           ####......   100%        7    ####...
 Controlled Blink         Tloc           N/A          100%        8    #####..
 Disjunction              Tloc           ####......   100%        8    #####..
 Shatter                  Erth           ####......   100%        9    #######
 Tornado                  Air            ####......   100%        9    #######


Dungeon Overview and Level Annotations

Branches:
Dungeon (15/15)            Temple (1/1) D:6            Lair (6/6) D:10
  Swamp (4/4) Lair:2        Snake (4/4) Lair:4        Slime (0/5) Lair:6
    Orc (2/2) D:11            Elf (3/3) Orc:2        Vaults (4/5) D:13
  Crypt (0/3) Vaults:3     Depths (0/5) D:15          IceCv (visited)
Gauntlet (visited)

Altars:
Ashenzari
Cheibriados
Dithmenos
Elyvilon
Fedhas
Gozag
Hepliaklqana
Kikubaaqudgha
Makhleb
Nemelex Xobeh
Okawaru
Qazlal
Ru
Sif Muna
Trog
Uskayaw
Vehumet
Wu Jian
Xom
Yredelemnul
Zin
The Shining One

Shops:
D:5 *   Orc:2 :!%   Snake:1 !   Snake:3 (%*%   Snake:4 *   Vaults:2 }

Annotations:
D:7 Joseph
D:10 1 runed translucent door
Snake:3 2 transporters, Minnurau's ghost, adept VSEE


Innate Abilities, Weirdness & Mutations

You have hoof-like feet.
You are partially covered in large bone plates. (SH +4)
You are resistant to hostile enchantments. (MR+)
Your muscles are very strong. (Str +4)


Message History

Casting: Sticky Flame (safe; 0% risk of failure)
Confirm with . or Enter, or press ? or * to list all spells.
Your skin crawls.
Your skin is crawling a little less now.
The deep elf blademaster burns!
The deep elf blademaster hits you with a +0 short sword!
You block the deep elf blademaster's attack.
You feel sick.
The deep elf blademaster burns!
You kill the deep elf blademaster!
Kikubaaqudgha accepts your kill.
You see here a +0 long sword.
Casting: Regeneration (safe; 1% risk of failure)
Confirm with . or Enter, or press ? or * to list all spells.
Aiming: Orb of Destruction (safe; 1% risk of failure)
Press: ? - help, Shift-Dir - straight line, f - deep elf annihilator
Aim: a deep elf annihilator, wielding a -2 long sword, wearing the +0 leather armour of Impermeability {Int+5} and wearing the ring "Giatist" {Fire Stlth+} (almost dead)
The deep elf annihilator gestures at you while chanting.
The bolt of lightning hits you!!!
You die...
Kikubaaqudgha rasps: "You have failed me!
Welcome... death!"

#..## ##......[## ##.#.###.
#.## ##..)..## ##.#.#.# #.#
##...## ##.#.#. #.# ##)##
##.#.# #.# #)# #..## #.#
#)# #.## #.# ##.## #.#
#.#########..)######### #.#
#.....}.....@.........###.#
#########..)*.#)##........#
#...)......##.#####
#(..(.#.#####.#
#.....#.......#
####.########## #)# #e#
#######.#######


You could see a deep elf annihilator.

Vanquished Creatures
  Bai Suzhen (Vaults:2)
  Vashnia (Snake:4)
  An Ice Fiend (IceCv)
  Rupert (Orc:2)
  A deep elf master archer (Elf:3)
  3 deep elf blademasters
  Frances (D:14)
  Agnes (D:15)
  Kirke (Snake:2)
  2 thorn hunters
  Donald (Swamp:3)
  The ghost of Kicir the Blocker, an adept GnFi of Okawaru (Snake:1)
  8 nagarajas
  9 vault wardens
  7 deep elf sorcerers
  3 fire giants (Vaults:4)
  Louise (Swamp:3)
  Aizul (Snake:3)
  A deep elf elementalist (Elf:3)
  11 ironheart preservers
  3 stone giants
  3 deep elf demonologists (Elf:3)
  3 entropy weavers
  A minotaur (Gauntlet)
  7 deep elf annihilators (Elf:3)
  Azrael (D:12)
  An ettin (shapeshifter) (D:15)
  A fire dragon (D:14)
  A crystal guardian (Vaults:2)
  10 deep elf death magi
  An ettin (Vaults:4)
  6 yaktaur captains
  A deep elf high priest (Elf:3)
  10 vault guards
  A jiangshi (Vaults:3)
  An ice dragon (Vaults:3)
  11 naga warriors
  2 great orbs of eyes
  A shambling mangrove (Swamp:4)
  5 rakshasas
  8 anacondas
  15 hydras
  4 centaur warriors
  4 ogre magi
  2 death knights (Vaults:3)
  5 ghost crabs
  9 two-headed ogres
  9 alligators
  The ghost of kMk the Impaler, a novice MfSk of Okawaru (D:9)
  A tengu warrior (D:15)
  30 dancing weapons
  3 deep troll shamans
  5 deep troll earth magi
  Urug (Orc:2)
  5 orc high priests
  12 naga sharpshooters
  Sonja (Orc:2)
  8 shock serpents
  21 deep elf knights
  5 skeletal warriors
  Nergalle (Orc:1)
  A salamander mystic (Snake:3)
  2 flayed ghosts (Vaults:4)
  6 sea snakes (Snake:4)
  18 deep trolls
  9 swamp dragons
  An unseen horror (D:14)
  5 wizards
  5 naga ritualists
  3 spriggan druids
  12 deep elf archers
  7 ironbrand convokers
  2 lindwurms (Swamp:4)
  A swamp dragon (shapeshifter) (D:15)
  A necromancer (Vaults:2)
  12 harpies
  11 orc knights
  59 deep elf magi
  26 ugly things
  11 salamanders
  7 mana vipers
  A salamander (shapeshifter) (Vaults:1)
  3 orc sorcerers
  6 oklob plants
  A manticore (D:12)
  A moth of wrath (shapeshifter) (Vaults:4)
  A stone giant skeleton (Vaults:2)
  The ghost of TrebMcFLY the Ruffian, a novice TrMo of Jiyva (D:5)
  2 wolf spiders
  An elephant (shapeshifter) (D:15)
  A cyclops (D:13)
  2 human skeletons (Vaults:2)
  13 naga magi
  5 centaur zombies
  31 black mambas
  An ice statue (IceCv)
  5 guardian serpents (Snake:4)
  4 centaur skeletons
  A torpor snail (shapeshifter) (Vaults:2)
  Psyche (D:11)
  3 gargoyles
  A torpor snail (Lair:5)
  13 vault sentinels
  22 yaktaurs
  9 freezing wraiths
  3 kobold demonologists
  13 komodo dragons
  19 spiny frogs
  3 anaconda simulacra (IceCv)
  3 rime drakes
  5 ice devils (IceCv)
  A polar bear (shapeshifter) (Vaults:1)
  4 trolls
  A jumping spider (Vaults:4)
  3 meliai (D:15)
  A queen bee (shapeshifter) (Vaults:2)
  A wolf spider simulacrum (IceCv)
  5 polar bears
  8 tyrant leeches
  A blink frog (shapeshifter) (D:15)
  13 hornets
  46 slime creatures
  4 blink frogs
  A meliai zombie (D:13)
  5 hippogriffs
  7 bog bodies
  2 redbacks (Vaults:2)
  5 vampires
  2 tarantellas (shapeshifter)
  A water elemental (Elf:1)
  A wyvern (shapeshifter) (Vaults:4)
  A shadow (D:12)
  2 basilisks
  16 spriggans
  3 fire elementals
  2 dire elephant simulacra (IceCv)
  A yak (shapeshifter) (Elf:3)
  2 wraiths
  A steam dragon (D:11)
  A human (D:13)
  30 yaks
  A golden eye (shapeshifter) (Elf:1)
  A hog (shapeshifter) (Vaults:4)
  14 vampire mosquitoes
  2 hungry ghosts
  2 death yak simulacra (IceCv)
  2 hogs
  Menkaure (D:7)
  6 harpy simulacra (IceCv)
  2 iron troll simulacra (IceCv)
  6 wargs
  An acid dragon (Vaults:2)
  35 nagas
  5 soldier ants (D:10)
  11 swamp worms
  4 hydra simulacra (IceCv)
  3 porcupines
  18 water moccasins
  4 black bears
  8 swamp drakes
  35 orc warriors
  4 phantoms
  5 ice beasts
  6 sky beasts
  2 necrophages
  An ice beast (shapeshifter) (D:14)
  2 ettin simulacra (IceCv)
  19 ogres
  15 boggarts
  30 wolves
  4 centaurs
  9 crocodiles
  19 big kobolds
  19 bullfrogs
  An earth elemental (Elf:1)
  2 gnoll sergeants
  2 wyvern skeletons
  2 troll zombies (D:11)
  3 scorpions
  10 killer bees
  12 wights
  5 howler monkeys
  A crimson imp (D:12)
  4 bullfrog zombies
  3 draconian simulacra (IceCv)
  3 jellies
  32 orc priests
  9 hounds
  An iguana (D:13)
  24 orc wizards
  Ijyb (D:4)
  7 hell rats
  13 worker ants
  4 troll simulacra (IceCv)
  A spriggan simulacrum (IceCv)
  6 ogre zombies (D:11)
  3 centaur simulacra (IceCv)
  A hound zombie (D:6)
  A hound skeleton (D:9)
  15 gnolls
  3 naga simulacra (IceCv)
  15 adders
  5 shadow imps
  5 white imps (IceCv)
  8 ufetubi
  An ooze (D:4)
  2 adder zombies
  2 worms (D:3)
  2 dart slugs
  4 leopard geckos
  74 orcs
  9 giant cockroaches
  9 hobgoblins
  8 jackals
  4 quokkas
  5 bats
  3 frilled lizards
  10 goblins
  A goblin skeleton (D:11)
  3 goblin zombies (D:11)
  2 hobgoblin skeletons (D:11)
  41 kobolds
  7 kobold skeletons (D:11)
  11 kobold zombies (D:11)
  2 orc skeletons (D:11)
  17 orc zombies (D:11)
  6 rats
  2 bushes
  3 plants
1547 creatures vanquished.

Vanquished Creatures (collateral kills)
  A thorn hunter (Swamp:4)
  A nagaraja (Snake:4)
  5 hydras
  An anaconda (Snake:4)
  A naga warrior (Snake:4)
  2 alligators
  An orc high priest (Orc:2)
  A naga sharpshooter (Snake:4)
  A naga ritualist (Snake:4)
  2 sea snakes (Snake:4)
  4 swamp dragons
  A lindwurm (Swamp:4)
  A mana viper (Snake:4)
  An oklob plant (Lair:5)
  A worldbinder (Gauntlet)
  A guardian serpent (Snake:4)
  A naga mage (Snake:4)
  A black mamba (Snake:2)
  4 spiny frogs
  A smoke demon (Gauntlet)
  A rime drake (Lair:6)
  A komodo dragon (Lair:2)
  A hornet (Swamp:3)
  3 bog bodies
  6 slime creatures
  3 hippogriffs
  A frost giant simulacrum (Vaults:2)
  3 spriggans (Lair:6)
  A shadow (D:14)
  7 yaks
  A wraith (D:9)
  A basilisk (Lair:5)
  A vampire mosquito (Swamp:2)
  3 fire elementals (D:12)
  4 nagas (Snake:4)
  2 water moccasins (Lair:6)
  A hell hound (D:11)
  4 orc warriors (Orc:2)
  An ice beast (D:12)
  A boggart (Lair:6)
  2 crocodiles
  9 wolves
  A bullfrog (Lair:5)
  2 killer bees (D:10)
  4 crimson imps (Gauntlet)
  3 orc priests (Orc:2)
  3 jellies (Lair:6)
  An adder (Lair:4)
  13 orcs
  A kobold (D:11)
  A fungus (Lair:6)
118 creatures vanquished.

Vanquished Creatures (others)
  A deep elf master archer (Elf:3)
  A stone giant (Vaults:2)
  Nessos (Lair:5)
  2 yaktaur captains
  A deep elf knight (Vaults:2)
  3 deep elf archers
  A deep elf mage (Elf:1)
  A cyclops (D:15)
  7 yaktaurs
  The ghost of ttong the Stinger, a novice OpVM of Yredelemnul (D:6)
  A centaur (D:15)
  A big kobold (D:6)
  A kobold (D:14)
  17 fungi
  46 plants
  A withered plant (Gauntlet)
86 creatures vanquished.

Grand Total: 1751 creatures vanquished

Notes
Turn   | Place    | Note
-------+----------+-------------------------------------------
     0 | D:1      | mortelune the Deep Elf Fire Elementalist began the quest
                  | for the Orb.
     0 | D:1      | Reached XP level 1. HP: 10/10 MP: 6/6
   161 | D:1      | Reached XP level 2. HP: 15/15 MP: 5/8
   167 | D:1      | Learned a level 2 spell: Throw Flame
   990 | D:1      | Reached XP level 3. HP: 19/19 MP: 4/9
   995 | D:1      | Learned a level 3 spell: Conjure Flame
  1271 | D:2      | Found a shattered altar of Ashenzari.
  2360 | D:3      | Reached XP level 4. HP: 24/24 MP: 2/11
  2366 | D:3      | Learned a level 4 spell: Sticky Flame
  3015 | D:3      | Found a stormy altar of Qazlal.
  3017 | D:3      | Noticed a water elemental
  3018 | D:3      | Noticed an earth elemental
  3018 | D:3      | Noticed an air elemental
  3018 | D:3      | Noticed a fire elemental
  3188 | D:3      | Reached XP level 5. HP: 28/28 MP: 2/13
  3391 | D:3      | Found a glowing silver altar of Zin.
  3391 | D:3      | Found an opulent altar of Gozag.
  3979 | D:4      | Reached skill level 5 in Fire Magic
  4229 | D:4      | Noticed an ogre
  4250 | D:4      | Killed an ogre
  4252 | D:4      | Reached XP level 6. HP: 31/32 MP: 3/14
  4558 | D:4      | Got an iridescent dagger
  4564 | D:4      | Identified the cursed +0 dagger of Onihi {pierce, SInv}
                  | (You found it on level 4 of the Dungeon)
  4621 | D:4      | Noticed Ijyb
  4638 | D:5      | Entered Level 5 of the Dungeon
  4833 | D:5      | Found a runed translucent door.
  4843 | D:5      | Noticed TrebMcFLY's ghost (novice TrMo)
  5044 | D:5      | Reached skill level 5 in Spellcasting
  5178 | D:5      | Reached skill level 5 in Conjurations
  5421 | D:5      | Found Obetour's Assorted Antiques.
  5429 | D:5      | Bought a fuming black potion for 23 gold pieces
  5429 | D:5      | Bought a scroll labeled MAFROE GUUNIPN for 26 gold pieces
  5429 | D:5      | Bought a scroll labeled UXA MACOES for 26 gold pieces
  5429 | D:5      | Bought a blue potion for 23 gold pieces
  5429 | D:5      | Bought a silver wand for 104 gold pieces
  5654 | D:5      | Reached XP level 7. HP: 36/36 MP: 9/16
  5661 | D:5      | Learned a level 5 spell: Fireball
  6453 | D:6      | Found a staircase to the Ecumenical Temple.
  6480 | D:6      | Reached skill level 1 in Fighting
  6711 | D:6      | Found a runed translucent gate.
  6712 | D:6      | Found a runed translucent gate.
  6714 | D:6      | Found a runed translucent gate.
  6715 | D:6      | Noticed a kobold demonologist
  6715 | D:6      | Identified the +9 whip of Miatumek {venom, rC+ Dex-5 SInv}
  6716 | D:6      | Noticed ttong's ghost (novice OpVM)
  6765 | D:6      | Reached XP level 8. HP: 38/44 MP: 0/18
  7069 | D:6      | Found a burning altar of Makhleb.
  7071 | D:6      | Noticed an Executioner
  7178 | D:6      | Noticed a hellwing
  7178 | D:6      | Noticed an orange demon
  7852 | D:7      | Noticed Menkaure
  7859 | D:7      | Killed Menkaure
  7859 | D:7      | Reached skill level 5 in Dodging
  8447 | D:7      | Noticed Joseph
  9190 | D:4      | Killed Ijyb
  9190 | D:4      | Reached XP level 9. HP: 51/51 MP: 11/20
  9321 | D:5      | Killed TrebMcFLY's ghost
  9523 | Temple   | Entered the Ecumenical Temple
  9745 | Temple   | Became a worshipper of Kikubaaqudgha
 11141 | D:8      | Reached * piety under Kikubaaqudgha
 11141 | D:8      | Identified Kikubaaqudgha's Disquisition on Evil Rites
                  | (Kikubaaqudgha gifted it to you on level 8 of the Dungeon)
 11141 | D:8      | Received a gift from Kikubaaqudgha
 11237 | D:8      | Found a shadowy altar of Dithmenos.
 11237 | D:8      | Found a sparkling altar of Nemelex Xobeh.
 11500 | D:8      | Gained mutation: Your muscles are strong. (Str +2) [potion
                  | of mutation]
 11500 | D:8      | Gained mutation: Armour fits poorly on your strangely
                  | shaped body. [potion of mutation]
 11500 | D:8      | Gained mutation: You are dopey. (Int -2) [potion of
                  | mutation]
 11500 | D:8      | Gained mutation: You are partially covered in large bone
                  | plates. (SH +4) [potion of mutation]
 11501 | D:8      | Lost mutation: Armour fits poorly on your strangely shaped
                  | body. [potion of mutation]
 11501 | D:8      | Lost mutation: You are dopey. (Int -2) [potion of mutation]
 11501 | D:8      | Gained mutation: You are resistant to hostile enchantments.
                  | (MR+) [potion of mutation]
 11501 | D:8      | Gained mutation: You have large cloven feet. [potion of
                  | mutation]
 11501 | D:8      | Gained mutation: Your muscles are very strong. (Str +4)
                  | [potion of mutation]
 11501 | D:8      | Gained mutation: You have hoof-like feet. [potion of
                  | mutation]
 11684 | D:9      | Reached XP level 10. HP: 58/58 MP: 17/23
 11761 | D:9      | Reached skill level 1 in Necromancy
 12035 | D:9      | Found a transporter.
 12036 | D:9      | Noticed kMk's ghost (novice MfSk)
 12149 | D:9      | Found a transporter.
 12894 | D:9      | Reached ** piety under Kikubaaqudgha
 13501 | D:10     | Entered Level 10 of the Dungeon
 13697 | D:10     | Noticed a two-headed ogre
 13725 | D:10     | Found the +9 staff of Olgreb {rPois}
 13755 | D:10     | Found a staircase to the Lair.
 13977 | D:10     | Found a runed translucent door.
 13982 | D:10     | Found a runed translucent gate.
 13982 | D:10     | Found a runed translucent gate.
 14011 | D:10     | Learned a level 2 spell: Sublimation of Blood
 14015 | D:10     | Learned a level 3 spell: Regeneration
 14053 | D:11     | Noticed a cyan ugly thing
 14067 | D:10     | Killed a cyan ugly thing
 14092 | D:10     | Found a runed translucent door.
 14109 | D:10     | Found a runed translucent gate.
 14455 | D:10     | Reached skill level 10 in Fire Magic
 14520 | D:10     | Killed a two-headed ogre
 14520 | D:10     | Reached XP level 11. HP: 62/62 MP: 0/25
 15111 | D:11     | Noticed a brown ugly thing
 15116 | D:11     | Killed a brown ugly thing
 15755 | D:11     | Reached *** piety under Kikubaaqudgha
 15755 | D:11     | Identified Kikubaaqudgha's Grimoire of Dark Rites
                  | (Kikubaaqudgha gifted it to you on level 11 of the Dungeon)
 15755 | D:11     | Received a gift from Kikubaaqudgha
 16197 | D:11     | Reached skill level 10 in Conjurations
 16916 | D:11     | Noticed Psyche
 16919 | D:11     | Killed Psyche
 17426 | D:11     | Found a staircase to the Orcish Mines.
 17570 | D:11     | Reached **** piety under Kikubaaqudgha
 17714 | D:10     | Learned a level 4 spell: Animate Dead
 17933 | D:11     | Reached skill level 10 in Dodging
 18341 | D:11     | Found an ancient bone altar of Kikubaaqudgha.
 18510 | D:12     | Reached ***** piety under Kikubaaqudgha
 18569 | D:12     | Noticed a cyan ugly thing
 18569 | D:12     | Noticed Azrael
 18784 | Lair:1   | Entered Level 1 of the Lair of Beasts
 18818 | Lair:1   | Reached skill level 5 in Necromancy
 19472 | Lair:1   | Noticed a seven-headed hydra
 19479 | Lair:1   | Killed a seven-headed hydra
 20557 | Lair:3   | Reached XP level 12. HP: 68/68 MP: 20/27
 20971 | Lair:3   | Learned a level 5 spell: Bolt of Draining
 21002 | Lair:3   | Reached skill level 5 in Fighting
 21097 | Lair:3   | Got a dazzling glaive
 21098 | Lair:3   | Identified the +4 glaive of Zipheuppuo {drain, Str+4 Int-3
                  | SInv} (You found it on level 3 of the Lair of Beasts)
 21169 | Lair:3   | Reached skill level 1 in Shields
 21449 | Lair:3   | Noticed an eight-headed hydra
 21454 | Lair:3   | Killed an eight-headed hydra
 23411 | Lair:4   | Found a staircase to the Snake Pit.
 23749 | Lair:5   | Noticed Nessos
 24379 | Lair:5   | Killed Nessos
 24468 | Lair:5   | Got a pitted battleaxe
 24545 | Lair:5   | Identified the +6 battleaxe "Anaoliaf" {drain, rF+ Str+2}
                  | (You found it on level 5 of the Lair of Beasts)
 25248 | Lair:5   | Found a runed translucent door.
 25413 | Lair:5   | Noticed a five-headed hydra
 25419 | Lair:5   | Killed a five-headed hydra
 25419 | Lair:5   | Reached XP level 13. HP: 76/76 MP: 14/28
 25531 | Lair:5   | Got a scintillating bone ring
 25533 | Lair:5   | Identified the ring "Jifeimof" {MR++ MP+9} (You found it on
                  | level 5 of the Lair of Beasts)
 26288 | Lair:6   | Entered Level 6 of the Lair of Beasts
 26337 | Lair:6   | Found a staircase to the Slime Pits.
 26549 | Lair:6   | Found a gate leading to a gauntlet.
 26577 | Gauntlet | Entered a Gauntlet
 26577 | Gauntlet | Found a transporter.
 26577 | Gauntlet | Found a transporter.
 26577 | Gauntlet | Found a transporter.
 26669 | Gauntlet | Found a transporter.
 26670 | Gauntlet | Found a transporter.
 26673 | Gauntlet | Found a transporter.
 26682 | Gauntlet | Found a transporter.
 26683 | Gauntlet | Found a transporter.
 26684 | Gauntlet | Found a transporter.
 26684 | Gauntlet | Found a transporter.
 26692 | Gauntlet | Found a transporter.
 26692 | Gauntlet | Identified the ring of Zoqal {rElec rF+ MR+ Int+4 Stlth+}
 26693 | Gauntlet | Found a transporter.
 27034 | Gauntlet | Reached skill level 10 in Necromancy
 27037 | Gauntlet | Got a pair of distressingly furry boots
 27049 | Gauntlet | Identified the +2 pair of boots of Undesirable Species
                  | {MR++ MP+9 Str-3 Int+4} (You found it in a Gauntlet)
 27200 | Gauntlet | Noticed a minotaur
 27206 | Gauntlet | Killed a minotaur
 28185 | Lair:6   | Got a fine rapier
 28186 | Lair:6   | Identified the +6 rapier of Meptuw {pierce, *Slow rF+++
                  | Int+3} (You found it on level 6 of the Lair of Beasts)
 28765 | Lair:6   | Reached skill level 10 in Spellcasting
 29074 | Lair:6   | Got a fine flail
 29075 | Lair:6   | Identified the +9 flail of Petugag {vamp, Dex+4} (You found
                  | it on level 6 of the Lair of Beasts)
 29578 | Lair:2   | You fall into a shaft and drop 1 floor!
 29953 | Lair:2   | Found a staircase to the Swamp.
 30281 | D:6      | Banished ttong's ghost
 30886 | D:9      | Killed kMk's ghost
 31013 | D:9      | Learned a level 5 spell: Borgnjor's Vile Clutch
 31109 | D:10     | Reached XP level 14. HP: 84/84 MP: 14/30
 31724 | D:12     | Killed Azrael
 33165 | D:13     | Reached ****** piety under Kikubaaqudgha
 34220 | D:13     | Found a gate to the Vaults.
 35198 | D:14     | Found a glowing golden altar of the Shining One.
 35828 | D:14     | Noticed Frances
 35836 | D:14     | Killed Frances
 36104 | Orc:1    | Entered Level 1 of the Orcish Mines
 36691 | Orc:1    | Noticed Nergalle
 36697 | Orc:1    | Killed Nergalle
 36697 | Orc:1    | Reached XP level 15. HP: 90/90 MP: 8/34
 37134 | Orc:1    | Learned a level 7 spell: Orb of Destruction
 37135 | Orc:2    | Entered Level 2 of the Orcish Mines
 37135 | Orc:2    | Found a staircase to the Elven Halls.
 37141 | Orc:2    | Noticed Rupert
 37149 | Orc:2    | Killed Rupert
 37272 | Orc:2    | Noticed Sonja
 37276 | Orc:2    | Killed Sonja
 38174 | Orc:2    | Noticed Urug
 38444 | Orc:2    | Killed Urug
 38964 | Orc:2    | Found Qutet's Book Emporium.
 38967 | Orc:2    | Found Temn's Food Shoppe.
 38968 | Orc:2    | Found Maasch's Distillery.
 38969 | Orc:2    | Found Sowug's Distillery.
 38976 | Orc:2    | Bought a book of Minor Magic for 200 gold pieces
 38978 | Orc:2    | Bought a potion of invisibility for 120 gold pieces
 38978 | Orc:2    | Bought a potion of agility for 60 gold pieces
 38978 | Orc:2    | Bought 2 potions of curing for 90 gold pieces
 38978 | Orc:2    | Bought a potion of haste for 150 gold pieces
 38978 | Orc:2    | Bought a potion of cancellation for 120 gold pieces
 38978 | Orc:2    | Bought a potion of might for 60 gold pieces
 38982 | Orc:2    | Bought a potion of agility for 72 gold pieces
 38982 | Orc:2    | Bought a potion of might for 72 gold pieces
 38982 | Orc:2    | Bought 2 potions of lignification for 108 gold pieces
 38982 | Orc:2    | Bought a potion of curing for 54 gold pieces
 38982 | Orc:2    | Bought a potion of magic for 144 gold pieces
 38982 | Orc:2    | Bought a potion of flight for 54 gold pieces
 38982 | Orc:2    | Bought a potion of flight for 54 gold pieces
 38982 | Orc:2    | Bought a potion of lignification for 54 gold pieces
 39551 | D:15     | Entered Level 15 of the Dungeon
 40461 | D:15     | Found a staircase to the Depths.
 40925 | D:15     | Noticed Agnes
 40930 | D:15     | Killed Agnes
 41454 | Swamp:1  | Entered Level 1 of the Swamp
 41472 | Swamp:1  | Noticed a thorn hunter
 41499 | Lair:2   | Killed a thorn hunter
 41845 | Swamp:1  | Reached skill level 1 in Armour
 41888 | Swamp:1  | Reached skill level 10 in Fighting
 43131 | Swamp:1  | Learned a level 2 spell: Blink
 44016 | Swamp:2  | Reached XP level 16. HP: 97/97 MP: 27/36
 44435 | Swamp:2  | Noticed a thorn hunter
 44441 | Swamp:2  | Killed a thorn hunter
 44987 | Swamp:3  | Noticed Donald
 44992 | Swamp:3  | Killed Donald
 45001 | Swamp:3  | Noticed Louise
 45133 | Swamp:3  | Killed Louise
 45166 | Swamp:3  | Found a frozen archway.
 45175 | IceCv    | Entered an ice cave
 46123 | IceCv    | Noticed an Ice Fiend
 46140 | IceCv    | Killed an Ice Fiend
 46372 | IceCv    | Identified a +2 pair of boots of running (You found it in
                  | an ice cave)
 47106 | Swamp:3  | Identified the Guide on Hexes
 47414 | Swamp:4  | Entered Level 4 of the Swamp
 48034 | Swamp:3  | Reached skill level 5 in Armour
 48347 | Swamp:4  | Noticed a thorn hunter
 48460 | Swamp:4  | Killed a thorn hunter
 48866 | Swamp:4  | Reached skill level 15 in Conjurations
 49026 | Swamp:4  | Reached XP level 17. HP: 102/102 MP: 31/37
 49115 | Swamp:4  | Got a decaying rune of Zot
 49860 | Snake:1  | Entered Level 1 of the Snake Pit
 49867 | Lair:4   | Reached skill level 15 in Necromancy
 50252 | Snake:1  | Found Virestuk's Distillery.
 50259 | Snake:1  | Bought a potion of curing for 48 gold pieces
 50259 | Snake:1  | Bought a potion of cancellation for 128 gold pieces
 50259 | Snake:1  | Bought a potion of curing for 48 gold pieces
 50259 | Snake:1  | Bought a potion of invisibility for 128 gold pieces
 50521 | Snake:1  | Got a slimy hand axe
 50591 | Snake:1  | Found a runed translucent door.
 50599 | Snake:1  | Noticed Kicir's ghost (adept GnFi)
 51597 | Snake:1  | Killed Kicir's ghost
 52124 | Snake:2  | You fall into a shaft and drop 1 floor!
 52124 | Snake:3  | Found Utad's Food Shop.
 52124 | Snake:3  | Found Nomel's Food Shop.
 52124 | Snake:3  | Found Neapnogai's Food Boutique.
 52124 | Snake:3  | Found Cats's General Store.
 52126 | Snake:3  | Noticed Aizul
 52831 | Snake:2  | Reached skill level 15 in Fire Magic
 54411 | Snake:3  | Noticed Kirke
 54467 | Snake:2  | Killed Kirke
 54606 | Snake:3  | Bought a ration for 55 gold pieces
 54606 | Snake:3  | Bought a ration for 55 gold pieces
 54606 | Snake:3  | Bought a ration for 55 gold pieces
 54606 | Snake:3  | Bought a ration for 55 gold pieces
 54606 | Snake:3  | Bought a ration for 55 gold pieces
 54606 | Snake:3  | Bought a ration for 55 gold pieces
 54606 | Snake:3  | Bought a ration for 55 gold pieces
 54612 | Snake:3  | Bought the +8 arc blade {discharge, rElec} for 900 gold
                  | pieces
 54612 | Snake:3  | Found the +8 arc blade {discharge, rElec}
 54962 | Snake:3  | Found Hujaviewk's Antique Weapon Shop.
 54970 | Snake:3  | Killed Aizul
 54970 | Snake:3  | Reached skill level 1 in Short Blades
 55356 | Snake:3  | Found a transporter.
 55372 | Snake:3  | Found a transporter.
 55379 | Snake:3  | Noticed Minnurau's ghost (adept VSEE)
 55515 | Snake:4  | Entered Level 4 of the Snake Pit
 55664 | Snake:4  | Found Vomog's Assorted Antiques.
 55690 | Snake:4  | Noticed Vashnia
 56713 | Snake:4  | Reached XP level 18. HP: 71/107 MP: 1/38
 57796 | Snake:4  | Reached skill level 15 in Spellcasting
 58192 | Snake:4  | Killed Vashnia
 58192 | Snake:4  | Reached skill level 5 in Short Blades
 58919 | Snake:4  | Got a serpentine rune of Zot
 59145 | Snake:4  | Identified the +8 hand axe of Dung {chop, +Blink} (You
                  | found it on level 1 of the Snake Pit)
 59223 | Snake:4  | Found a hide-covered altar of Uskayaw.
 59543 | Snake:4  | Bought a potion of heal wounds for 170 gold pieces
 60244 | Vaults:1 | Entered Level 1 of the Vaults
 61480 | Vaults:1 | Reached skill level 5 in Shields
 63953 | Vaults:2 | Identified a scroll of acquirement
 63982 | Vaults:2 | Reached XP level 19. HP: 79/112 MP: 25/41
 65887 | Vaults:2 | Reached skill level 10 in Short Blades
 67191 | Vaults:2 | Learned a level 8 spell: Ignition
 67334 | Vaults:2 | Found Ryapeuw's Gadget Shoppe.
 68330 | Vaults:3 | Noticed Bai Suzhen
 68533 | Vaults:2 | Killed Bai Suzhen
 70668 | Vaults:3 | Found a staircase to the Crypt.
 71087 | Vaults:4 | Found a flickering gateway to a bazaar.
 71092 | Bazaar   | Entered a bazaar
 71092 | Bazaar   | Found Ciaca's General Store.
 71164 | Bazaar   | Found Sayqooh's Antique Weapon Boutique.
 71172 | Bazaar   | Found Zoleuw's Magic Scroll Boutique.
 71183 | Bazaar   | Found Xor Byrr's Jewellery Emporium.
 71194 | Bazaar   | Found Wicauppa's Antique Armour Shop.
 71222 | Bazaar   | Bought a scroll of blinking for 60 gold pieces
 71245 | Bazaar   | Bought a scroll of blinking for 75 gold pieces
 71245 | Bazaar   | Bought 3 scrolls of identify for 60 gold pieces
 71245 | Bazaar   | Bought a scroll of teleportation for 30 gold pieces
 71245 | Bazaar   | Bought a scroll of blinking for 75 gold pieces
 71245 | Bazaar   | Bought a scroll of blinking for 75 gold pieces
 71245 | Bazaar   | Bought a scroll of fog for 20 gold pieces
 71493 | Vaults:4 | Reached XP level 20. HP: 115/117 MP: 35/43
 71889 | Vaults:4 | Found a sacrificial altar of Ru.
 72746 | Vaults:4 | Reached skill level 10 in Shields
 74236 | Elf:1    | Entered Level 1 of the Elven Halls
 75321 | Elf:1    | Found a runed translucent door.
 75504 | Elf:1    | Identified the cursed +1 lajatang "Yrghaif" {slice,
                  | *Corrode +Blink Str+9 Int-3} (You found it on level 1 of
                  | the Elven Halls)
 75999 | Elf:2    | Found the +8 longbow "Zephyr" {speed, Dex+3 SInv}
 76043 | Elf:2    | Found a runed translucent gate.
 76043 | Elf:2    | Found a runed translucent gate.
 76043 | Elf:2    | Found a runed translucent gate.
 77598 | Elf:3    | Entered Level 3 of the Elven Halls
 77716 | Elf:3    | Reached XP level 21. HP: 122/122 MP: 45/45
 79340 | Elf:3    | Identified the cursed +0 robe of Wiaghoza {rElec rC+ Str+2
                  | Slay+3}
 79785 | Elf:3    | Identified the +0 leather armour of Impermeability {Int+5}
 79785 | Elf:3    | Identified the ring "Giatist" {Fire Stlth+}
 79789 | Elf:3    | Identified the cursed +0 crystal plate armour of Waepiup
                  | {rElec Regen+ rCorr Int-3}
 79811 | Elf:3    | Killed from afar by a deep elf annihilator

Levels and vault maps discovered:
D:1:      ebering_trefoil_twist, layout_loops_cross, minmay_close_crescents
D:2:      layout_rooms, evilmike_ruin_ashenzari
D:3:      minmay_general_purpose_star, layout_basic,
          grunt_temple_overflow_gold_and_silver,
          nicolae_qazlal_style_of_elements
D:4:      layout_basic, uniq_ijyb
D:5:      layout_basic, ebering_ghost_reflecting_pool, first_ration,
          serial_shops, nicolae_shop_overgrown_old_shop
D:6:      layout_cave_pools, minmay_temple_entry_poolview,
          gammafunk_ghost_nasty_kobolds, minmay_misc_feat_rugged,
          makhleb_altar_promises_db
D:7:      layout_basic, kennysheep_generic_room_13, uniq_menkaure, uniq_joseph
D:8:      layout_loops_cross, gammafunk_temple_overflow_elements
D:9:      layout_irregular_city, gammafunk_ghost_mausoleum, grunt_pizzeria
D:10:     layout_cave_pools, david_lair_shrubbed,
          minmay_guarded_unrand_staff_of_olgreb
D:11:     wander_kiku_kobolds, layout_loops_ring, zombieorc2_lemuel,
          bh_chokoban, uniq_psyche
D:12:     layout_rooms, uniq_azrael
D:13:     layout_cave_pods, grunt_vaults_entry_fortified
D:14:     layout_small_grid, tso_metal_star, uniq_frances
D:15:     gammafunk_enter_depths_forms, layout_basic, uniq_agnes
Temple:   dpeg_five_rooms_temple
Lair:1:   layout_long_grid, eino_small_chamber_without_monster
Lair:2:   layout_cave_pods, minmay_swamp_entry_worms
Lair:3:   layout_cave_pods
Lair:4:   layout_roguey, minmay_snake_entry_six_corridors
Lair:5:   layout_misc_corridors, minivault_19, pf_torpor_hydra,
          minmay_lair_oklob_chamber, grunt_megastairs_4, uniq_nessos
Lair:6:   minmay_lair_end_enchanted_forest, layout_cave_pods,
          minmay_slime_entry_pillars, gauntlet_entry_generic
Swamp:1:  layout_basic_swamp, evilmike_swamp_ruin_house_3
Swamp:2:  layout_basic_swamp, evilmike_swamp_ruin_rubble_1
Swamp:3:  layout_basic_swamp, portal_ice_cave_entry_pillars_1,
          infiniplex_staircase_pool_2, uniq_donald, uniq_louise
Swamp:4:  swamp_alternative, layout_basic_swamp, swamp_pool1
Snake:1:  layout_onion_interference, ebering_ghost_reflecting_pool,
          serial_shops, shop
Snake:2:  dpeg_oklob_gauntlet, layout_grid_shapes
Snake:3:  layout_onion_interference, serial_shops, shop,
          gammafunk_ghost_berserking_beasts, minmay_shoptagon, uniq_kirke,
          uniq_aizul
Snake:4:  grunt_snake_rune_pools, layout_cave_town, serial_shops,
          nicolae_shop_overgrown_old_shop, drop_trap, lemuel_oklob_altar,
          uniq_vashnia
Orc:1:    layout_caves, uniq_nergalle
Orc:2:    st_orc_pillars, layout_diamond_mine, nicolae_orc_bridge_out,
          uniq_urug, uniq_rupert, uniq_sonja
Elf:1:    minmay_elf_arrival_summoners, layout_geoelf_octagon,
          hangedman_elf_disciples, minivault_13
Elf:2:    layout_geoelf_octagon
Elf:3:    elf_hall, layout_loops_corners
Vaults:1: nicolae_vaults_network_quinsquares
          [nicolae_vaults_network_quincunx_subvault,
          nicolae_vaults_network_quincunx_subvault,
          nicolae_vaults_network_quincunx_subvault,
          nicolae_vaults_network_quincunx_subvault],
          nicolae_vaults_specimen_jars, v_misc_2, grunt_vaults_funnel,
          ontoclasm_vaults_decontamination, v_misc_18, layout_vaults_quadrants
Vaults:2: v_misc_2, nicolae_vaults_network_s, nicolae_vaults_mini_display_case,
          nicolae_vaults_big_ls, nicolae_vaults_rhombus_7,
          ontoclasm_vaults_chip, dpeg_vaults_monster_row, v_misc_23,
          nicolae_vaults_ring_of_whatevers, vaults_room_stairs_pillars,
          layout_vaults_maze_snakey, serial_shops, nicolae_shop_stone
Vaults:3: vaults_room_fancy_cross, nicolae_vaults_octagons,
          ontoclasm_vaults_eye, hangedman_vaults_slice,
          hangedman_vaults_stretched_pinwheel, serial_ice_h,
          nicolae_vaults_rhombus_5, v_misc_15, nicolae_vaults_angled_halls,
          minmay_crypt_entry_simple_box, vaults_room_pool,
          nicolae_vaults_rhombus_6, dpeg_vaults_monster_box,
          layout_vaults_big_room, uniq_bai_suzhen
Vaults:4: grunt_vaults_twisty, vaults_room_ringed_pool,
          nicolae_vaults_little_squares_6, hangedman_vaults_stagger,
          vaults_room_door_ring, v_pattern_4, ontoclasm_vaults_spin,
          nicolae_vaults_three_branches, v_misc_19, ontoclasm_vaults_shuriken,
          v_misc_32, grunt_vaults_hallway_short, v_misc_22,
          grunt_vaults_hallway_short, nicolae_vaults_little_ls,
          layout_vaults_omnicross, basic_altar, serial_shops, bzr_entry_dummy

Skill      XL: |  1  2  3  4  5  6  7  8  9 10 11 12 13 14 15 16 17 18 19 20 |
---------------+-------------------------------------------------------------+-----
Conjurations   | 2 3 4 5 7 8 9 11 12 13 15 16 | 16.5
Fire Magic     | 4 5 6 7 8 10 11 12 13 14 15 16 17 18 | 18.7
Spellcasting   | 4 5 6 7 8 9 10 13 14 16 17 18 | 18.0
Dodging        | 3 5 7 9 10 11 12 13 | 13.0
Fighting       | 1 3 4 6 8 9 10 | 10.6
Necromancy     | 3 6 9 11 12 13 14 16 | 16.7
Shields        | 4 6 9 11 | 11.5
Armour         | 2 5 7 8 |  8.0
Short Blades   | 3 8 11 14 | 14.0
Stealth        | |  2.4

Action                   |  1- 3 |  4- 6 |  7- 9 | 10-12 | 13-15 | 16-18 | 19-21 || total
-------------------------+-------+-------+-------+-------+-------+-------+-------++-------
Melee: Dagger            |     1 |       |     2 |    16 |     5 |       |       ||    24
       Morningstar       |       |     1 |       |       |       |       |       ||     1
       Staff             |       |       |       |    14 |    15 |    14 |       ||    43
       Rapier            |       |       |       |       |   104 |    89 |   106 ||   299
 Cast: Flame Tongue      |    38 |    47 |    84 |   173 |    24 |       |       ||   366
       Throw Flame       |    48 |    55 |   113 |   271 |    59 |       |       ||   546
       Sticky Flame      |       |     2 |    12 |    65 |    82 |    53 |    41 ||   255
       Conjure Flame     |       |     1 |     3 |     8 |     5 |     5 |     1 ||    23
       Fireball          |       |       |    18 |    96 |   318 |   397 |   173 ||  1002
       Regeneration      |       |       |       |    14 |    15 |    24 |    16 ||    69
       Sublimation of Bl |       |       |       |    28 |    40 |    30 |    17 ||   115
       Animate Dead      |       |       |       |    19 |    51 |    22 |    10 ||   102
       Bolt of Draining  |       |       |       |    36 |   128 |   111 |    69 ||   344
       Borgnjor's Vile C |       |       |       |       |    49 |    45 |    26 ||   120
       Orb of Destructio |       |       |       |       |    14 |   105 |   162 ||   281
       Blink             |       |       |       |       |     1 |    10 |     1 ||    12
       Ignition          |       |       |       |       |       |       |    44 ||    44
Invok: Receive Corpses   |       |       |       |     6 |    15 |    18 |     3 ||    42
       Torment           |       |       |       |       |       |     1 |       ||     1
Evoke: Wand              |       |       |       |     6 |       |     2 |       ||     8
  Use: Scroll            |       |     8 |    13 |     6 |    14 |    13 |     5 ||    59
       Potion            |       |       |     3 |     4 |     1 |     1 |     1 ||    10
 Stab: Distracted        |       |       |       |       |       |     1 |       ||     1
       Sleeping          |       |       |       |       |       |       |     1 ||     1
  Eat: Chunk             |     6 |    10 |    14 |    32 |    57 |    44 |    77 ||   240
       Ration            |       |       |     3 |    11 |     8 |    16 |     4 ||    42
Armor: Robe              |     6 |     1 |     8 |    17 |    11 |       |       ||    43
       Steam dragon scal |       |       |       |       |    44 |    54 |    36 ||   134
       Leather armour    |       |       |       |       |       |    16 |       ||    16
Dodge: Dodged            |    12 |     7 |    53 |   179 |   163 |   251 |   106 ||   771
Block: Other             |       |       |       |    24 |       |       |       ||    24
       Buckler           |       |       |       |    57 |   212 |   300 |   173 ||   742
       Reflection        |       |       |       |     1 |    22 |    72 |    62 ||   157
